Cogmind - Beta 14 @@@ ROGUE MODE // 2024.09.30 @ 16:14:11 Player: DZKane Result: Escaped! Performance ------------- Evolutions (9) 4500 Regions Visited (13) 2600 Robots Destroyed (125) 625 Value Destroyed (3569) 3569 Prototype IDs (18) 360 Alien Tech Used (0) 0 Bonus (3768) 3768 TOTAL SCORE: 15422 Bonus ------- High Alert Combat Kills 185 Follower Combat Kills 83 Entered DSFs 500 Win 3000 Cogmind --------- Core Integrity 1600/1600 Matter 176/300 Energy 52/770 System Corruption 0% Temperature Hot (272) Movement Flying (36) Location To Epsilon Eridani Parts ------- > --- POWER (2) -------- Light Antimatter Reactor Backup Power VII > --- PROPULSION (8) --- Armored Huge Wheel Improved VTOL Module Xenon Bombardment Thruster Xenon Bombardment Thruster Q-thruster Electron Diverter > --- UTILITY (13) ----- Experimental Energy Well Structural Scanner Improved Trap Scanner Enhanced Optical Array Advanced Transmission Jammer Improved Reaction Control System Cloaking Device Layered Light Armor Plating Hacking Suite Advanced Hacking Suite Improved System Shield Advanced System Shield > --- WEAPON (2) ------- (None) > --- INVENTORY (5) ---- Graviton Reactor Potential Cannon Mini Grenade Launcher Peak State ------------ > --- POWER ------------ Light Particle Reactor Graviton Reactor > --- PROPULSION ------- Improved VTOL Module Improved VTOL Module Diametric Drive Q-thruster Q-thruster Q-thruster Q-thruster Electron Diverter > --- UTILITY ---------- Advanced Coolant Injector Medium Storage Unit Structural Scanner Improved Trap Scanner Advanced Visual Processing Unit Experimental Signal Interpreter Advanced Transmission Jammer Advanced Hacking Suite System Shield > --- WEAPON ----------- Omega Cannon > --- INVENTORY -------- Fission Core Antimatter Reactor Experimental Energy Well Improved Particle Charger Thermal Defense Suite Compact HERF Cannon Enhanced Nova Cannon Potential Cannon Mini Grenade Launcher [Rating: 148] Favorites ----------- Power Improved Ion Engine Engine Improved Ion Engine Power Core Light Nuclear Core Reactor Light Particle Reactor Propulsion Improved Treads Treads Improved Treads Leg Aluminum Leg Wheel Armored Huge Wheel Flight Unit Improved VTOL Module Utility High-capacity Storage Unit Device Heat Sink Storage High-capacity Storage Unit Processor Experimental Signal Interpreter Hackware System Shield Protection Light Armor Plating Weapon Autogun Energy Gun Particle Gun Energy Cannon Plasma Cannon Ballistic Gun Autogun Ballistic Cannon Omega Cannon Launcher Mini Grenade Launcher Impact Weapon Powered Hammer Slashing Weapon Katana Special Melee Weapon Improved Datajack Build | -11 -10 -9 -9 -8 -7 -6 -5 -4 -3 -3 -2 -2 -1 ------- Run | Yrd Mat Mat Min Mat Fac Fac Fac Fac Res Tes Res DSF Acc Slots Evolved 18 | . . 2 . 2 2 2 2 2 2 . 2 . 2 Power 1 | . . . . . . 1 . . . . . . . Propulsion 6 | . . 1 . 1 1 1 . 1 1 . . . . Utility 11 | . . 1 . 1 1 . 2 1 1 . 2 . 2 Weapon . | . . . . . . . . . . . . . . Parts Attached 224 | . 18 30 4 43 18 20 6 13 26 24 1 4 17 Power 28 | . 1 2 1 2 2 7 . 4 4 1 . . 4 Engine 5 | . 1 2 1 1 . . . . . . . . . Core 14 | . . . . 1 2 7 . 3 . . . . 1 Reactor 9 | . . . . . . . . 1 4 1 . . 3 Propulsion 56 | . 5 5 2 20 5 3 1 2 7 3 . . 3 Treads 31 | . 5 5 2 19 . . . . . . . . . Leg . | . . . . . . . . . . . . . . Wheel 1 | . . . . . . . . . . . . . 1 Hover . | . . . . . . . . . . . . . . Flight 24 | . . . . 1 5 3 1 2 7 3 . . 2 Utility 88 | . 6 12 1 11 5 7 4 5 14 12 . 4 7 Device 49 | . 2 8 1 3 3 4 3 2 10 10 . 1 2 Storage 7 | . 2 . . . 1 . . . . 2 . . 2 Processor 8 | . . . . 2 . 2 . 1 2 . . 1 . Hackware 9 | . . . . 1 . 1 . 2 1 . . 2 2 Protection 15 | . 2 4 . 5 1 . 1 . 1 . . . 1 Artifact . | . . . . . . . . . . . . . . Weapon 52 | . 6 11 . 10 6 3 1 2 1 8 1 . 3 Energy Gun 5 | . 3 2 . . . . . . . . . . . Energy Cannon 7 | . . . . . 1 . . . 1 3 1 . 1 Ballistic Gun 19 | . 1 9 . 8 1 . . . . . . . . Ballistic Cannon 1 | . . . . . . . . . . 1 . . . Launcher 6 | . 2 . . 2 . 1 . . . . . . 1 Special Weapon . | . . . . . . . . . . . . . . Impact Weapon 12 | . . . . . 2 2 1 2 . 4 . . 1 Slashing Weapon 1 | . . . . . 1 . . . . . . . . Piercing Weapon . | . . . . . . . . . . . . . . Special Melee Weapon 1 | . . . . . 1 . . . . . . . . Unidentified Prototypes 17 | . . 1 . 1 . . 1 . 1 13 . . . Parts Lost 42 | . 2 2 2 10 . 7 . . 9 . . 7 3 Power 6 | . . 1 1 . . 2 . . . . . 1 1 Propulsion 17 | . . . 1 5 . 3 . . 3 . . 5 . Utility 16 | . . 1 . 4 . 2 . . 6 . . 1 2 Weapon 3 | . 2 . . 1 . . . . . . . . . Highest Loss Streak 7 | . 1 2 1 4 . 4 . . 4 . . 7 2 To Critical Strikes . | . . . . . . . . . . . . . . Average Slot Usage (%) 95 | . 94 99 100 99 98 92 92 85 89 94 86 73 67 Engine 7 | . 14 10 11 8 . . . . . . . . . Core 1 | . . . . . 7 7 5 9 1 . . . 4 Treads 22 | . 21 33 33 35 . . . . . . . . . Flight 8 | . . . . . 36 38 35 31 33 37 34 20 14 Device 11 | . 3 10 11 12 14 9 11 12 15 18 17 19 20 Storage 9 | . 14 11 11 9 7 6 5 5 4 4 4 4 . Processor 2 | . . . . 4 . 6 9 5 4 9 8 6 4 Hackware 3 | . . . . . 7 7 5 10 12 9 8 12 14 Protection 7 | . 4 11 11 9 7 1 4 5 2 . . . 1 Energy Gun 1 | . 9 1 . . . . . . . . . . . Ballistic Gun 14 | . 18 20 22 17 1 . . . . . . . . Impact Weapon 1 | . . . . . 5 11 11 2 4 3 4 4 3 Peak Build Rating 148 | 6 10 18 19 30 44 57 66 86 119 148 134 126 140 Average Rating 35 | 6 8 16 17 24 41 51 63 75 106 123 126 101 94 On Entrance 55 | 6 6 10 18 19 30 44 51 66 79 107 126 126 88 Naked Turns . | . . . . . . . . . . . . . . Heaviest Build 62 | 14 53 61 61 62 54 36 27 34 51 48 48 48 33 Greatest Support 89 | 20 40 69 69 89 31 36 31 41 52 57 57 57 33 Greatest Overweight (x) 2 | . 1 . . . 2 . . . . . . 1 . Average Overweight (x) . | . . . . . . . . . . . . . . Largest Inventory Capacity 20 | 8 20 20 20 20 20 10 10 10 10 10 10 10 10 Average Capacity 16 | 8 13 20 20 20 10 10 10 10 10 10 10 10 5 Most Carried 20 | 6 20 20 20 20 20 10 10 10 10 10 10 10 10 Average Carried 15 | 6 12 19 19 19 10 9 9 9 9 9 9 10 4 Final Capacity 20 | 8 20 20 20 20 10 10 10 10 10 10 10 10 5 Final Carried 20 | 6 20 20 20 20 10 10 10 10 6 10 10 10 4 Class Distribution -------------------- 53% | Mutant 19% | Scavenger-Mutant 14% | Hacker-Sprinter 7% | Sprinter 3% | Hacker-Ninja Dominant Class ---------------- Mutant | -10/Materials Mutant | -9/Materials Mutant | -9/Mines Scavenger-Mutant | -8/Materials Sprinter | -7/Factory Sprinter | -6/Factory Scout | -5/Factory Hacker-Scout | -4/Factory Hacker-Sprinter | -3/Research Hacker-Sprinter | -3/Testing Hacker-Sprinter | -2/Research Hacker-Sprinter | -2/DSF Hacker-Sprinter | -1/Access Resources | -11 -10 -9 -9 -8 -7 -6 -5 -4 -3 -3 -2 -2 -1 ----------- Run | Yrd Mat Mat Min Mat Fac Fac Fac Fac Res Tes Res DSF Acc Matter Collected 4276 | 200 331 1057 294 1287 173 205 . 156 223 107 . 1 242 Remotely . | . . . . . . . . . . . . . . Salvage Created 4739 | . 654 1183 132 1527 89 264 . 156 381 107 . . 246 Parts 234 | . 35 93 6 80 2 3 . 2 5 . . . 8 Haulers Intercepted 9 | . 2 2 . 4 1 . . . . . . . . Recyclers Shooed 11 | . 2 3 . 5 1 . . . . . . . . Parts Field Recycled . | . . . . . . . . . . . . . . Retrieved Matter . | . . . . . . . . . . . . . . Parts Self-Destructed . | . . . . . . . . . . . . . . Prevented . | . . . . . . . . . . . . . . Kills | -11 -10 -9 -9 -8 -7 -6 -5 -4 -3 -3 -2 -2 -1 ------- Run | Yrd Mat Mat Min Mat Fac Fac Fac Fac Res Tes Res DSF Acc Combat Hostiles Destroyed 83 | . 10 32 4 26 . 3 . . 3 . . . 5 Guns 66 | . 9 32 4 21 . . . . . . . . . AOE 13 | . 1 . . 5 . 2 . . . . . . 5 Classes Destroyed 17 | . 5 3 1 4 . 2 . . 2 . . . . Worker 8 | . 1 2 . 2 . 1 . . . . . . 2 Builder 3 | . . . . 2 1 . . . . . . . . Tunneler 1 | . . . . . . . . . 1 . . . . Hauler 9 | . 2 2 . 4 1 . . . . . . . . Recycler 10 | . 1 2 . 2 . 1 . 1 1 1 . . 1 Operator 5 | . . 1 . . . 3 . . 1 . . . . Drone 1 | . . . . . . . . . 1 . . . . Watcher 7 | . 2 1 . 1 1 . . . 2 . . . . Swarmer 24 | . . 19 . . . . . . . . . . 5 Cutter 2 | . . . . . . 2 . . . . . . . Grunt 36 | . 10 5 3 18 . . . . . . . . . Duelist 1 | . . . . 1 . . . . . . . . . Sentry 13 | . . 8 . 5 . . . . . . . . . Demolisher 1 | . . . 1 . . . . . . . . . . Hunter 3 | . . . . 1 . . . . 2 . . . . Programmer 1 | . . . . . . 1 . . . . . . . Heavy 1 | . . . . 1 . . . . . . . . . Best Kill Streak 10 | . 7 10 2 9 1 2 . 1 2 1 . . 7 Combat Bots Only 6 | . 3 5 2 6 . 2 . . 1 . . . 5 Max Kills in Single Turn 5 | . 1 2 1 5 1 1 . 1 1 1 . . 4 Gunslinging 1 | . . 1 . . . . . . . . . . . Exploded 4 | . 1 . . 3 . 1 . . . . . . 4 Melee . | . . . . . . . . . . . . . . Uniques/NPCs Destroyed . | . . . . . . . . . . . . . . Combat | -11 -10 -9 -9 -8 -7 -6 -5 -4 -3 -3 -2 -2 -1 -------- Run | Yrd Mat Mat Min Mat Fac Fac Fac Fac Res Tes Res DSF Acc Hostile Shots Fired 532 | . 66 157 23 128 . 39 . 10 81 8 . 5 15 Missed 169 | . 19 40 6 29 . 20 . 7 37 5 . . 6 Damage Taken 6958 | . 619 1203 398 2005 . 727 . 43 1209 46 . 455 253 Core 1066 | . 95 157 10 120 . 215 . . 348 . . 121 . Absorbed by Shields 69 | . . 69 . . . . . . . . . . . Redirected to Shielding 114 | . 3 . . . . . . 13 98 . . . . Regen/Repaired (Parts) 74 | . . . . 11 . 45 . . . 18 . . . Core Remaining (%) 85 | 100 62 . 58 78 100 74 100 100 . 73 . 91 100 Volleys Fired 309 | . 48 101 17 124 1 10 . . 3 . . . 5 Largest 2 | . 2 2 2 2 1 1 . . 1 . . . 1 Hottest 200 | . 85 85 46 63 23 80 . . 120 . . . 200 Shots Fired 586 | . 95 202 34 236 1 10 . . 3 . . . 5 Gun 560 | . 93 202 34 230 1 . . . . . . . . Cannon 12 | . . . . . . 7 . . 3 . . . 2 Launcher 14 | . 2 . . 6 . 3 . . . . . . 3 Special . | . . . . . . . . . . . . . . Kinetic 510 | . 54 191 34 230 1 . . . . . . . . Thermal 34 | . 11 11 . . . 7 . . 3 . . . 2 Explosive 14 | . 2 . . 6 . 3 . . . . . . 3 Electromagnetic 28 | . 28 . . . . . . . . . . . . Robot Hit Streak 13 | . 6 13 8 11 7 8 . . . . . . 1 Robot Miss Streak 5 | . 2 4 3 5 . 2 . . . . . . 3 Penetration Max . | . . . . . . . . . . . . . . Secondary Targets 6 | . . 5 1 . . . . . . . . . . Max Gunslinging Chain 1 | . . 1 1 . . . . . . . . . . Shots Hit Robots 416 | . 60 128 22 163 5 15 . 2 18 1 . . 2 Core Hits 201 | . 32 57 8 85 2 3 . . 1 . . . 13 Critical Kills 1 | . . . . . . . . . 1 . . . . Critical Parts Destroyed 10 | . . . . 1 1 4 . . 4 . . . . Critical Strikes 12 | . 1 . . 1 1 4 . . 5 . . . . Destroy 1 | . . . . 1 . . . . . . . . . Corrupt 1 | . 1 . . . . . . . . . . . . Smash 10 | . . . . . 1 4 . . 5 . . . . Melee Attacks 139 | . . . . . 15 50 3 17 40 10 . . 4 Impact 134 | . . . . . 10 50 3 17 40 10 . . 4 Slashing 4 | . . . . . 4 . . . . . . . . Piercing . | . . . . . . . . . . . . . . Sneak Attacks 15 | . . . . . 3 5 . 2 3 1 . . 1 Combat Hostiles 1 | . . . . . . . . . 1 . . . . Follow-up Attacks 3 | . . . . . . 3 . . . . . . . Damage Inflicted 10260 | . 1058 1992 368 3463 263 1062 . 157 1075 106 . . 716 Guns 5764 | . 848 1966 368 2568 14 . . . . . . . . Cannons . | . . . . . . . . . . . . . . Explosions 1790 | . 203 . . 883 . 90 . . . . . . 614 Melee 2661 | . . . . . 249 972 . 157 1075 106 . . 102 Ramming 45 | . 7 26 . 12 . . . . . . . . . Kinetic 5271 | . 478 1843 368 2568 14 . . . . . . . . Thermal 241 | . 118 123 . . . . . . . . . . . Explosive 1750 | . 163 . . 883 . 90 . . . . . . 614 Electromagnetic 292 | . 292 . . . . . . . . . . . . Impact 2661 | . . . . . 249 972 . 157 1075 106 . . 102 Slashing . | . . . . . . . . . . . . . . Piercing . | . . . . . . . . . . . . . . Highest Corruption 1 | . . . . . . 1 . . . . . . . Average Corruption 1 | . . . . . . 1 . . . . . . . Corruption Purged 1 | . . . . . . 1 . . . . . . . Corruption Blocked . | . . . . . . . . . . . . . . Effects 1 | . . . . . . 1 . . . . . . . Message Errors 1 | . . . . . . 1 . . . . . . . Overload Shots . | . . . . . . . . . . . . . . Overflow Damage 1306 | . . 11 . 28 104 535 . 37 457 46 . . 88 Projectiles 7 | . . . . . . . . . 7 . . . . Explosions 44 | . . . . 28 . . . . . . . . 16 Melee 1255 | . . 11 . . 104 535 . 37 450 46 . . 72 Knockbacks 18 | . . . . . 1 3 . 2 10 1 . . 1 Impact 17 | . . . . . 1 3 . 2 9 1 . . 1 Kinetic . | . . . . . . . . . . . . . . Secondary 1 | . . . . . . . . . 1 . . . . Self-Inflicted Damage 225 | . . . . 86 . 81 . . . . . . 58 Shots 8 | . . . . 3 . 2 . . . . . . 3 Rammed 7 | . 2 1 . 3 . . . . 1 . . . . Targets Rammed 7 | . 2 1 . 3 . . . . 1 . . . . Kicked . | . . . . . . . . . . . . . . Crushed . | . . . . . . . . . . . . . . Highest Temperature 351 | . 150 126 3 15 40 351 16 11 319 199 183 53 290 Average Temperature 84 | . 43 44 3 6 16 67 8 11 106 118 111 37 206 Received Heat Transfer 1526 | . 318 428 90 612 . 18 . . 51 . . . 9 Effects 4 | . . . . . . 2 . . 1 . . . 1 Shutdowns 1 | . . . . . . 1 . . . . . . . Energy Bleed 2 | . . . . . . . . . 1 . . . 1 Interference 1 | . . . . . . 1 . . . . . . . Siege Activations . | . . . . . . . . . . . . . . Robots Corrupted 14 | . . . . . 2 3 . 1 6 1 . . 1 Combat Hostiles 4 | . . . . . . 1 . . 3 . . . . Parts Fried 28 | . . . . . 3 11 . 2 8 2 . . 2 Impact Corruptions 44 | . . 1 . . 4 18 . 2 15 2 . . 2 Robots Melted . | . . . . . . . . . . . . . . Combat Hostiles . | . . . . . . . . . . . . . . Parts Melted . | . . . . . . . . . . . . . . Heat Transferred 531 | . 235 296 . . . . . . . . . . . Parts Sabotaged . | . . . . . . . . . . . . . . Parts Stolen . | . . . . . . . . . . . . . . Parts Stripped . | . . . . . . . . . . . . . . Power Chain Reactions 1 | . 1 . . . . . . . . . . . . Alert | -11 -10 -9 -9 -8 -7 -6 -5 -4 -3 -3 -2 -2 -1 ------- Run | Yrd Mat Mat Min Mat Fac Fac Fac Fac Res Tes Res DSF Acc Peak Influence 787 | . 294 787 384 455 292 215 124 192 208 272 153 114 301 Initial 294 | . . 69 294 7 192 142 105 60 100 114 153 114 26 Average 222 | . 117 503 142 242 239 148 108 99 104 197 153 65 108 Maximum Alert Level 3 | . 1 3 1 2 1 1 . . 1 1 . . 1 Low Security (%) 55 | 100 78 8 73 34 30 71 100 100 96 64 100 100 67 Level 1 28 | . 21 16 26 51 69 28 . . 3 35 . . 32 Level 2 12 | . . 55 . 13 . . . . . . . . . Level 3 3 | . . 19 . . . . . . . . . . . Level 4 . | . . . . . . . . . . . . . . Level 5 . | . . . . . . . . . . . . . . High Security . | . . . . . . . . . . . . . . Max Security . | . . . . . . . . . . . . . . Squads Dispatched 27 | . 2 2 1 4 1 8 . 4 1 1 . 1 2 Investigation 7 | . 1 . . 3 1 . . . . 1 . . 1 Extermination 2 | . . . . . . 1 . . . . . . 1 Reinforcement 15 | . 1 2 1 1 . 4 . 4 1 . . 1 . Assault . | . . . . . . . . . . . . . . Garrison 3 | . . . . . . 3 . . . . . . . Intercept . | . . . . . . . . . . . . . . Searches Triggered . | . . . . . . . . . . . . . . Construction Impeded 1 | . . . 1 . . . . . . . . . . Haulers Reinforced 1 | . . . . . . 1 . . . . . . . Active Scanning Responses . | . . . . . . . . . . . . . . Cargo Convoy Interrupts . | . . . . . . . . . . . . . . Stealth | -11 -10 -9 -9 -8 -7 -6 -5 -4 -3 -3 -2 -2 -1 --------- Run | Yrd Mat Mat Min Mat Fac Fac Fac Fac Res Tes Res DSF Acc Distress Signals 15 | . 1 5 . 7 . . . 1 1 . . . . Communications Jammed 8 | . . . . . . . . . 8 . . . . Distress Signals 1 | . . . . . . . . . 1 . . . . Times Spotted 173 | . 23 46 5 43 2 13 1 9 20 2 . 1 8 Peak Tracking Total 9 | . 4 7 3 8 1 5 1 9 6 2 . 1 5 Tactical Retreats 21 | . 2 4 1 2 . 2 . . 8 . . . 2 Traps | -11 -10 -9 -9 -8 -7 -6 -5 -4 -3 -3 -2 -2 -1 ------- Run | Yrd Mat Mat Min Mat Fac Fac Fac Fac Res Tes Res DSF Acc Traps Triggered 10 | . 2 1 . 2 . 1 . . 2 1 . . 1 Indirectly . | . . . . . . . . . . . . . . Trap Hack Attempts . | . . . . . . . . . . . . . . Triggered . | . . . . . . . . . . . . . . Disarmed . | . . . . . . . . . . . . . . Reprogrammed . | . . . . . . . . . . . . . . Reused . | . . . . . . . . . . . . . . Traps Extracted . | . . . . . . . . . . . . . . Installed . | . . . . . . . . . . . . . . Triggered . | . . . . . . . . . . . . . . Machines | -11 -10 -9 -9 -8 -7 -6 -5 -4 -3 -3 -2 -2 -1 ---------- Run | Yrd Mat Mat Min Mat Fac Fac Fac Fac Res Tes Res DSF Acc Machines Disabled 16 | . 4 2 1 . . 1 . . 1 4 . . 3 Max in Single Turn 2 | . 2 1 1 . . 1 . . 1 1 . . 2 Garrison Access 6 | . . . . 1 1 . 1 . 2 1 . . . Machines Repaired . | . . . . . . . . . . . . . . Machines Dismantled . | . . . . . . . . . . . . . . Machines Sabotaged . | . . . . . . . . . . . . . . Overloaded Fab Kills . | . . . . . . . . . . . . . . Hacking | -11 -10 -9 -9 -8 -7 -6 -5 -4 -3 -3 -2 -2 -1 --------- Run | Yrd Mat Mat Min Mat Fac Fac Fac Fac Res Tes Res DSF Acc Machines Accessed 61 | . 5 6 . 10 5 7 4 2 9 7 2 . 4 Terminals 43 | . 5 6 . 5 3 4 3 1 7 5 1 . 3 Fabricators 2 | . . . . . 1 . . 1 . . . . . Repair Stations 5 | . . . . 2 . 1 . . . 1 . . 1 Recycling Units . | . . . . . . . . . . . . . . Scanalyzers 3 | . . . . 2 . 1 . . . . . . . Garrison Access 8 | . . . . 1 1 1 1 . 2 1 1 . . Total Hacks 170 | . 16 23 . 26 14 22 7 11 17 19 3 . 12 Successful 91 | . 8 10 . 20 12 8 2 7 10 10 1 . 3 Failed 79 | . 8 13 . 6 2 14 5 4 7 9 2 . 9 Catastrophic 13 | . 1 1 . 1 . 3 2 . 2 2 . . 1 Database Lockouts . | . . . . . . . . . . . . . . Manual 93 | . 16 22 . 11 7 9 2 5 8 12 . . 1 Terminals 124 | . 16 23 . 13 10 13 6 3 15 16 2 . 7 Fabricators 11 | . . . . . 3 . . 8 . . . . . Repair Stations 16 | . . . . 5 . 4 . . . 2 . . 5 Recycling Units . | . . . . . . . . . . . . . . Scanalyzers 8 | . . . . 6 . 2 . . . . . . . Garrison Access 11 | . . . . 2 1 3 1 . 2 1 1 . . Terminal Hacks 29 | . 2 3 . 3 5 2 . 2 5 5 1 . 1 Record 5 | . . . . . . . . . 2 3 . . . Part Schematic 3 | . 1 1 . . 1 . . . . . . . . Open DSF 2 | . . . . . . . . . 1 . 1 . . Level Access Points 5 | . . . . . 1 1 . 1 . 1 . . 1 Branch Access Points 2 | . . . . . 1 . . . 1 . . . . Terminal Index 3 | . 1 1 . . 1 . . . . . . . . Fabricator Index 1 | . . . . . . . . 1 . . . . . Repair Station Index 1 | . . . . 1 . . . . . . . . . Alert Level 1 | . . . . . 1 . . . . . . . . Unreport Threat 3 | . . . . 1 . 1 . . 1 . . . . Locate Traps 1 | . . . . . . . . . . 1 . . . Hauler Manifests 2 | . . 1 . 1 . . . . . . . . . Fabricator Hacks 4 | . . . . . 1 . . 3 . . . . . Load Schematic 2 | . . . . . 1 . . 1 . . . . . Build 2 | . . . . . . . . 2 . . . . . Repair Station Hacks 8 | . . . . 4 . 2 . . . . . . 2 Scan Component 3 | . . . . 2 . 1 . . . . . . . Repair 3 | . . . . 2 . 1 . . . . . . . Refit 2 | . . . . . . . . . . . . . 2 Recycling Unit Hacks . | . . . . . . . . . . . . . . Scanalyzer 7 | . . . . 5 . 2 . . . . . . . Insert Component 4 | . . . . 3 . 1 . . . . . . . Analyze 3 | . . . . 2 . 1 . . . . . . . Garrison Access Hacks 6 | . . . . 1 1 . 1 . 2 1 . . . Seal Access 6 | . . . . 1 1 . 1 . 2 1 . . . Unauthorized Hacks 37 | . 6 7 . 7 5 2 1 2 3 4 . . . Terminals 34 | . 6 7 . 7 4 2 1 1 3 3 . . . Assimilate 2 | . . . . . 1 . . . 1 . . . . Botnet 14 | . 1 2 . 2 1 1 1 1 2 3 . . . Operators 1 | . . . . . . 1 . . . . . . . Skim 17 | . 5 5 . 5 2 . . . . . . . . Fabricators 2 | . . . . . 1 . . 1 . . . . . Prioritize 1 | . . . . . . . . 1 . . . . . Recompile 1 | . . . . . 1 . . . . . . . . Repair Stations 1 | . . . . . . . . . . 1 . . . Patch 1 | . . . . . . . . . . 1 . . . Recycling Units . | . . . . . . . . . . . . . . Scanalyzers . | . . . . . . . . . . . . . . Garrison Access . | . . . . . . . . . . . . . . Data Cores Recovered 1 | . . . . . . 1 . . . . . . . Used 1 | . . . . . . 1 . . . . . . . Hacking Detections 47 | . 5 6 . 7 3 5 3 1 6 6 1 . 4 Full Trace Events 2 | . . . . 1 . . . . . . . . 1 Feedback Events . | . . . . . . . . . . . . . . Feedback Blocked . | . . . . . . . . . . . . . . Robot Schematics Acquired . | . . . . . . . . . . . . . . Robots Built . | . . . . . . . . . . . . . . Authchips . | . . . . . . . . . . . . . . Time . | . . . . . . . . . . . . . . Total Robot Build Rating . | . . . . . . . . . . . . . . Part Schematics Acquired 6 | . 1 1 . 2 1 1 . . . . . . . Parts Built 3 | . . . . . . . . 3 . . . . . Authchips 1 | . . . . . . . . 1 . . . . . Time 127 | . . . . . . . . 127 . . . . . Total Part Build Rating 21 | . . . . . . . . 21 . . . . . Parts Repaired 3 | . . . . 2 . 1 . . . . . . . Time 146 | . . . . 108 . 38 . . . . . . . Parts Recycled . | . . . . . . . . . . . . . . Recycled Matter . | . . . . . . . . . . . . . . Retrieved Matter . | . . . . . . . . . . . . . . Retrieved Components . | . . . . . . . . . . . . . . Parts Scanalyzed 3 | . . . . 2 . 1 . . . . . . . Part Schematics Acquired 3 | . . . . 2 . 1 . . . . . . . Parts Damaged 1 | . . . . 1 . . . . . . . . . Bothacking | -11 -10 -9 -9 -8 -7 -6 -5 -4 -3 -3 -2 -2 -1 ------------ Run | Yrd Mat Mat Min Mat Fac Fac Fac Fac Res Tes Res DSF Acc Used RIF Installer . | . . . . . . . . . . . . . . Robots Hacked 1 | . . . . . 1 . . . . . . . . Non-combat 1 | . . . . . 1 . . . . . . . . Combat . | . . . . . . . . . . . . . . Robot Hacks Applied 1 | . . . . . 1 . . . . . . . . find_chute 1 | . . . . . 1 . . . . . . . . Relay Couplers Released . | . . . . . . . . . . . . . . Fabnet Peak Effective % . | . . . . . . . . . . . . . . Robots Rewired . | . . . . . . . . . . . . . . Allies Hacked . | . . . . . . . . . . . . . . Hacks Repelled . | . . . . . . . . . . . . . . Allies | -11 -10 -9 -9 -8 -7 -6 -5 -4 -3 -3 -2 -2 -1 -------- Run | Yrd Mat Mat Min Mat Fac Fac Fac Fac Res Tes Res DSF Acc Total Allies 5 | . . . 3 . 1 . . . 1 . . . . Largest Group 3 | . . . 3 3 1 1 . . 1 . . . . Highest-Rated Group 40 | . . . 40 40 10 10 . . 26 . . . . Highest-Rated Ally 26 | . . . 16 16 10 10 . . 26 . . . . Total Orders . | . . . . . . . . . . . . . . Ally Attacks 25 | . . . . 25 . . . . . . . . . Total Damage 255 | . . . . 255 . . . . . . . . . Kills 3 | . . . . 3 . . . . . . . . . Allies Corrupted . | . . . . . . . . . . . . . . Allies Melted . | . . . . . . . . . . . . . . Intel | -11 -10 -9 -9 -8 -7 -6 -5 -4 -3 -3 -2 -2 -1 ------- Run | Yrd Mat Mat Min Mat Fac Fac Fac Fac Res Tes Res DSF Acc Robot Analysis Total . | . . . . . . . . . . . . . . Derelict Logs Recovered 1 | . . . 1 . . . . . . . . . . Drone Launches . | . . . . . . . . . . . . . . Drone Recoveries . | . . . . . . . . . . . . . . Exploration | -11 -10 -9 -9 -8 -7 -6 -5 -4 -3 -3 -2 -2 -1 ------------- Run | Yrd Mat Mat Min Mat Fac Fac Fac Fac Res Tes Res DSF Acc Turns Passed 8084 | 2 1088 1384 1505 1864 286 375 70 270 660 182 9 34 355 Spaces Moved 6557 | 2 524 625 444 820 711 494 124 408 1273 407 49 70 606 Core . | . . . . . . . . . . . . . . Treads 2205 | . 316 625 444 820 . . . . . . . . . Legs 210 | 2 208 . . . . . . . . . . . . Wheels . | . . . . . . . . . . . . . . Hover . | . . . . . . . . . . . . . . Flight 4142 | . . . . . 711 494 124 408 1273 407 49 70 606 Fastest Speed 15 | 120 120 160 160 160 24 21 22 19 16 15 15 15 26 Average Speed 73 | 120 163 160 160 161 24 21 22 21 18 15 15 40 32 Slowest Speed 240 | 120 240 160 160 167 164 25 25 22 19 19 15 100 36 Overloaded Moves . | . . . . . . . . . . . . . . Propulsion Burnouts . | . . . . . . . . . . . . . . Robots Hopped 20 | . . . . . . 1 . 5 14 . . . . Cave-ins Triggered . | . . . . . . . . . . . . . . Exploration Rate (%) 37 | 2 66 69 99 56 19 13 5 14 34 51 2 79 22 Regions Visited 13 Branch Regions 2 Pre-discovered Areas 3 | . . 1 . 2 . . . . . . . . . Known Exits Taken 11 | . 1 1 1 1 1 1 1 1 1 1 1 . . Unknown Exits Taken 1 | 1 . . . . . . . . . . . . . Scrap Searched 3 | . . . 3 . . . . . . . . . . Spaces Dug 82 | . 11 . . . 6 29 2 15 12 4 . . 3 Terrain Destroyed 136 | . 20 . . 32 6 42 2 15 12 4 . . 3 Melee 64 | . . . . . 6 25 2 15 9 4 . . 3 Projectile 7 | . . . . . . 4 . . 3 . . . . AOE 65 | . 20 . . 32 . 13 . . . . . . . Terrain Rammed . | . . . . . . . . . . . . . . Walls Destroyed . | . . . . . . . . . . . . . . Machines Disabled . | . . . . . . . . . . . . . . Actions | -11 -10 -9 -9 -8 -7 -6 -5 -4 -3 -3 -2 -2 -1 --------- Run | Yrd Mat Mat Min Mat Fac Fac Fac Fac Res Tes Res DSF Acc Total 9068 | 1 662 847 1209 1160 808 674 162 557 1603 508 50 74 753 Wait 1610 | . 32 58 743 95 44 98 23 110 260 41 . . 106 Move 6507 | 1 523 624 443 819 710 491 123 398 1247 406 48 69 605 Hop 17 | . . . . . . 1 . 4 12 . . . . Pick Up 90 | . 23 7 1 32 5 6 4 3 5 2 . . 2 Fast Attach 79 | . 4 6 . 7 4 7 3 7 5 22 . 3 11 Attach 54 | . 2 3 2 9 9 7 2 4 10 1 1 . 4 Detach 19 | . 1 . . 1 1 1 . 5 2 4 1 . 3 Swap 91 | . 12 21 2 27 5 6 1 2 11 1 . 1 2 Drop 162 | . 15 26 1 43 18 7 4 7 8 21 . 1 11 Fire 309 | . 48 101 17 124 1 10 . . 3 . . . 5 Melee 124 | . . . . . 11 40 2 17 40 10 . . 4 Ram . | . . . . . . . . . . . . . . Kick . | . . . . . . . . . . . . . . Crush 6 | . 2 1 . 3 . . . . . . . . . Escape Stasis . | . . . . . . . . . . . . . . Rewire . | . . . . . . . . . . . . . . Trap . | . . . . . . . . . . . . . . Miscellaneous . | . . . . . . . . . . . . . . Route ------- -11/Scrapyard -10/Materials (discovered 5 exits: *Mat x3 / Min / Sub) -9/Materials (discovered 5 exits: *Mat x3 / *Min / [*Sto]) -9/Mines (discovered 3 exits: *Mat x2 / [*Zio]) -8/Materials (discovered 3 exits: *Fac x3) -7/Factory (discovered 6 exits: *Fac x4 / *Low x2) -6/Factory (discovered 4 exits: *Fac x4) -5/Factory -4/Factory (discovered 4 exits: *Res x4) -3/Research (discovered 2 exits: *Tes x2) -3/Testing -2/Research -2/DSF -1/Access To Epsilon Eridani History --------- Turn | Location | Event 1 | -11/Scrapyard | Discovered new exit (range 1) 3 | -11/Scrapyard | Entered Materials 240 | -10/Materials | Discovered new exit (range 3) 307 | -10/Materials | Build established: Mutant 627 | -10/Materials | Discovered new exit (range 14) 729 | -10/Materials | Learned location of 1 exit from Storage 764 | -10/Materials | Learned 4 Recycling zone layouts 790 | -10/Materials | Learned Storage trap positions 806 | -10/Materials | Identified exit to Subcaves 811 | -10/Materials | Learned Storage security intel 812 | -10/Materials | Loaded intel: 8 trap records 817 | -10/Materials | Identified exit to Mines 861 | -10/Materials | Identified exit to Materials 1091 | -10/Materials | Entered another Materials area 1091 | -9/Materials | Evolved 2 slots: Propulsion x1, Utility x1 1092 | -9/Materials | Identified exit to Materials 1092 | -9/Materials | Identified exit to Mines 1221 | -9/Materials | Discovered new exit (range 16) 2215 | -9/Materials | Discovered exit to Materials (range 7) 2475 | -9/Materials | Entered Mines 2493 | -9/Mines | Met a Derelict bent on vengeance 2550 | -9/Mines | Discovered exit to Materials (range 8) 2592 | -9/Mines | Discovered exit to Materials (range 9) 2853 | -9/Mines | A Derelict revealed a hidden shortcut to a safe place 2865 | -9/Mines | Assembled infested the area 2870 | -9/Mines | Assisted by a Guerilla fighting off Assembled 3668 | -9/Mines | Learned 2 Materials zone layouts 3817 | -9/Mines | Assisted by bots powering up and referring to "LRC-V3" 3980 | -9/Mines | Entered Materials 3980 | -8/Materials | Accompanied by 3 allies 3980 | -8/Materials | Evolved 2 slots: Propulsion x1, Utility x1 4790 | -8/Materials | Build established: Scavenger-Mutant 4805 | -8/Materials | Lost 4 parts (1n2u1w) 5194 | -8/Materials | Identified exit to Factory 5194 | -8/Materials | Discovered exit to Factory (range 16) 5288 | -8/Materials | Repaired Broken Imp. VTOL Module? 5292 | -8/Materials | Learned Storage garrison access intel 5324 | -8/Materials | Learned Storage stockpile data 5346 | -8/Materials | Learned Factory garrison access intel 5464 | -8/Materials | Learned location of Extension (-4) 5835 | -8/Materials | Repaired Cooling System 5844 | -8/Materials | Entered Factory 5844 | -7/Factory | Evolved 2 slots: Propulsion x1, Utility x1 5845 | -7/Factory | Loaded intel: 4 garrison access locations 5949 | -7/Factory | Identified exit to Lower Caves 5949 | -7/Factory | Identified exit to Factory 6130 | -7/Factory | Entered another Factory area 6130 | -6/Factory | Accompanied by 1 ally 6130 | -6/Factory | Evolved 2 slots: Power x1, Propulsion x1 6207 | -6/Factory | Garrison activated, responded to threat 6241 | -6/Factory | Lost 4 parts (1p2n1u) 6335 | -6/Factory | Repaired Lgt. Nuclear Core 6439 | -6/Factory | Identified exit to Factory 6505 | -6/Factory | Entered another Factory area 6505 | -5/Factory | Evolved 2 slots: Utility x2 6568 | -5/Factory | Discovered new exit (range 13) 6574 | -5/Factory | Identified exit to Factory 6575 | -5/Factory | Entered another Factory area 6575 | -4/Factory | Evolved 2 slots: Propulsion x1, Utility x1 6604 | -4/Factory | Identified exit to Research 6688 | -4/Factory | Fabricated Enh. Nova Cannon (x2) 6719 | -4/Factory | Fabricated Imp. VTOL Module (x1) 6845 | -4/Factory | Entered Research 6845 | -3/Research | Evolved 2 slots: Propulsion x1, Utility x1 6875 | -3/Research | Found Prototype Processor 6875 | -3/Research | Identified Exp. Signal Interpreter 6914 | -3/Research | Spotted B-86 Titan 6969 | -3/Research | Identified exit to Testing 7015 | -3/Research | Spotted B-86 Titan 7312 | -3/Research | Build established: Hacker-Sprinter 7415 | -3/Research | Lost 4 parts (4u) 7505 | -3/Research | Entered Testing 7519 | -3/Testing | Found Prototype Device 7519 | -3/Testing | Identified Exp. Thermal Shield 7540 | -3/Testing | Found Prototype Energy Cannon 7540 | -3/Testing | Identified Hpw. Disruptor Cannon 7556 | -3/Testing | Identified exit to Research 7572 | -3/Testing | Found Prototype Energy Cannon 7572 | -3/Testing | Identified Potential Cannon 7581 | -3/Testing | Found Prototype Device 7581 | -3/Testing | Identified Exp. EM Disruption Field 7608 | -3/Testing | Spotted Striker 7608 | -3/Testing | Spotted Striker 7631 | -3/Testing | Found Prototype Ballistic Cannon 7631 | -3/Testing | Identified Omega Cannon 7648 | -3/Testing | Found Prototype Energy Cannon 7648 | -3/Testing | Identified Disintegrator 7687 | -3/Testing | Entered Research 7687 | -2/Research | Evolved 2 slots: Utility x2 7689 | -2/Research | Identified exit to DSF 7696 | -2/Research | Entered DSF 7710 | -2/DSF | Discovered new exit (range 19) 7711 | -2/DSF | Additional patrols routed to DSF 7730 | -2/DSF | Entered Access 7730 | -1/Access | Evolved 2 slots: Utility x2 7748 | -1/Access | Lost 7 parts (1p5n1u) 7934 | -1/Access | Spotted B-99 Colossus 7969 | -1/Access | Identified exit to Surface 8085 | *** | Escaped! Last Messages --------------- report to Access Zone 4E. 07980_ Connecting with Terminal... 07993_ Acquired Adv. System Shield. 07996_ Acquired Lrn. Sensor Array. 07998_ Acquired Lyr. Light Armor Plating. 08006_ Acquired Imp. Reaction Control System. 08008_ Dropped Adv. Coolant Injector. 08024_ Dropped Lgt. Antimatter Reactor. 08025_ Dropped Lgt. Quantum Reactor. 08026_ Acquired Lgt. Antimatter Reactor. 08072_ Connecting with Terminal... 08072_ ALERT: Suspicious activity at Terminal A001. Dispatching Investigation squad. 08074_ Dropped Powered Hammer. 08076_ Sealed Barrier breached. 08076_ Terminal disabled. 08076_ Lrn. Sensor Array destroyed. 08076_ Destroyed Lrn. Sensor Array. 08079_ Main Access Shell breached. 08083_ Overheating: Energy bleed (-14). Map ----- +----------------------------------------------------+ | ?????????## #########??????## #### ! | | ??????? ### ################# #### | | ??????? ### #######################+#+####### | | ??????? + ## ! | | ??????? # ## ! | | ??????? # ############################## ## ! | | ??????? + ############################## ## | | ??????? # ????????????????????????????## ## | | ??????? # ???????????????????????????### ## | | ???????## ############################## ## | | ??????## ############################ # | | ??????## # | | ??????## # | | ??????## ??????#### ""######### # | | ??????### ??????#### ""############## | | ??????### ????????## ""##?????############ | | ???????## ?????????## / T##??????????####### | | ???????## ?????????## "##????????????????? | | ???????## ?????????## ""##????????????????? | | ???????## ?????????## "##????????????????? | | ???????## ?????????#""""" """"#????????????????? | | ???????# ?????????## ##????????????????? | | ???????????????????## ##????????????????? | | ???????????????????## " ##????????????????? | | ???????????????????## " " ##????????????????? | | ???????????????????## ?" @" " ##????????????????? | | ???????????????????## ?" "" " ##????????????????? | | ???????????????????## ?" " ##????????????????? | | ???????????????????????""""""? ##????????????????? | | ?????????????????????????????? ##????????????????? | | ??????????????????????????????"##????????????????? | | ??????????????????????????????"##????????????????? | | ?????????????????????????????????????????????????? | | ?????????????????????????????????????????????????? | | ?????????????????????????????????????????????????? | | ?????????????????????????????????????????????????? | | ?????????????????????????????????????????????????? | | ?????????????????????????????????????????????????? | | ?????????????????????????????????????????????????? | | ?????????????????????????????????????????????????? | | ?????????????????????????????????????????????????? | | ?????????????????????????????????????????????????? | | ?????????????????????????????????????????????????? | | ?????????????????????????????????????????????????? | | ?????????????????????????????????????????????????? | | ?????????????????????????????????????????????????? | | ?????????????????????????????????????????????????? | | ?????????????????????????????????????????????????? | | ?????????????????????????????????????????????????? | | ?????????????????????????????????????????????????? | +----------------------------------------------------+ Best States ------------- Heat Dissipation 69 Coolant Potential 100 Energy Generation 47 Energy Capacity 1020 Matter Stores 300 Matter Capacity 300 Sight Range 22 Robot Scan Range 18 Terrain Scan Density 10 ECM Strength 1 Jamming Range 16 Cloak Strength 2 Additional Mass Support 6 Armor Coverage 225 Power Shielding 33 Propulsion Shielding 66 Phase Shifting 10 Evasion (%) 73 Targeting Accuracy 8 Melee Accuracy 8 Recoil Reduction 4 Particle Charging 20 Offensive Hacking 24 Defensive Hacking 34 Authchip Count 1 Item Schematics ----------------- Huge Storage Unit | -10/Materials | Hacked Arm. Wheel | -9/Materials | Hacked Imp. Flight Unit | -8/Materials | Scanalyzed Imp. VTOL Module | -8/Materials | Scanalyzed Enh. Gauss Cannon | -7/Factory | Hacked Imp. Propulsion Shielding | -6/Factory | Scanalyzed Robot Schematics ------------------ None Fabricated ------------ Enh. Nova Cannon | x2 | -4/Factory | Preloaded Imp. VTOL Module | x1 | -4/Factory | Authchip Alien Tech Used ----------------- None Achievements -------------- None Challenges ------------ None Game ------ Seed CoilNovaDoomcannon Manual? 0 Play Time 01:51:50 Cumulative 195.8 hours Start 2024.09.30 @ 14:14:50 End 2024.09.30 @ 16:14:11 Sessions 1 Manual Loads 0 Difficulty Rogue Special Mode None Game No. 112 Rogue 112 Adventurer 0 Explorer 0 Win Type 0 Total 8 Types 8/0/0/0/0/0/0/0/0 Lore% 65 Gallery% 69 Achievement% 60 Wizard Run 0 Options --------- Layout 1 ASCII 0 Keyboard 0 Movement Numpad Keybinds 0 Fullscreen 1 Font 24/Smallcaps Map View 50x35 Zoom Use 0% Tactical HUD 1 Map Filters NONE Filters NONE Steam 1 RUN: b9dcfb9b-d11d-4c51-b89f-0e922cdbcb39